 Dungeon Crawl Stone Soup version 0.29.0-4-gdea44cf6ec (webtiles) character file.

Game seed: 9758392452779391220

39 qw the Chopper (level 3, 0/21 HPs)
             Began as a Tengu Warper on Aug 28, 2022.
             Slain by an adder (3 damage)
             ... on level 2 of the Dungeon.
             The game lasted 00:00:06 (993 turns).

qw the Chopper (Tengu Warper)                        Turns: 993, Time: 00:00:07

Health: 0/21       AC:  3    Str: 13    XL:     3   Next: 47%
Magic:  7/7        EV: 12    Int: 13    God:
Gold:   19         SH:  0    Dex: 13    Spells: 6/6 levels left

rFire   + . .      SeeInvis .   Y - +0 hand axe
rCold   + . .      Faith    .   (no shield)
rNeg    . . .      Spirit   .   b - +0 leather armour
rPois   .          Reflect  .   (helmet restricted)
rElec   .          Harm     .   e - scarf {rC+ rF+}
rCorr   .          Rampage  .   (no gloves)
Will    .....                   (boots unavailable)
Stlth   +.........              (no amulet)
HPRegen 0.07/turn               (no ring)
MPRegen 0.10/turn               (no ring)

@: no status effects
A: beak, talons 3
a: no special abilities


You were on level 2 of the Dungeon.
You visited 1 branch of the dungeon, and saw 2 of its levels.

You collected 19 gold pieces.


Innate Abilities, Weirdness & Mutations

You have a beak for a mouth.
You have claws for feet.


   Skills:
 - Level 2.0 Fighting
 + Level 4.2 Axes
 - Level 1.0 Throwing
 - Level 1.1 Armour
 - Level 2.1 Dodging
 - Level 2.0 Spellcasting
 - Level 2.4 Translocations


You had 6 spell levels left.
You didn't know any spells.
Your spell library contained the following spells:

 Spells                   Type           Power      Damage    Failure   Level
 Blink                    Tloc           14%        N/A       19%         2
 Gell's Gravitas          Tloc           7%         N/A       36%         3
 Lesser Beckoning         Tloc           7%         N/A       36%         3
 Teleport Other           Tloc           7%         N/A       36%         3
 Manifold Assault         Tloc           7%         N/A       98%         5

Inventory:

Hand Weapons
 d - a +0 whip
 Y - a +0 hand axe (weapon)
Armour
 b - a +0 leather armour (worn)
 e - a scarf of resistance (worn)
Potions
 a - a potion of magic {unknown}
 c - a potion of heal wounds {unknown}

Dungeon Overview and Level Annotations

Branches:
Dungeon (2/15)

Altars:

Shops:
D:1 *(


Message History

a - a bubbling emerald potion
Found a stone staircase leading up.
Enter note:
c - a clear potion A frilled lizard comes into view.
Enter note: The frilled lizard hisses angrily.
An adder comes into view.
983 ||| Stepping ~*~*~tactically~*~*~ (stealth). 2 adders come into view.
The adder hisses angrily. x2
You miss the frilled lizard. Your kick misses the frilled lizard.
The frilled lizard bites you.
You completely miss the frilled lizard. Your kick misses the frilled lizard.
The frilled lizard bites you. The adder misses you.
You completely miss the adder. You closely miss the frilled lizard.
The adder bites you. The frilled lizard barely misses you.
You hit the adder but do no damage. Your kick misses the adder.
You miss the frilled lizard. The adder bites you.
You are poisoned.
The adder poisons you!
The frilled lizard bites you but does no damage.
The adder bites you.
You barely miss the adder. Your kick misses the adder.
You hit the frilled lizard.
You kill the frilled lizard!
You feel sick. The adder bites you.
You hit the adder.
The adder is lightly wounded.
You closely miss the adder.
You feel sick. The adder barely misses you.
The adder bites you but does no damage. The adder closely misses you.
You closely miss the adder. You peck the adder.
The adder is moderately wounded.
You hit the adder.
You feel sick.
You are no longer poisoned.
The adder barely misses you. The adder bites you.
You die...

#........<.... #
#...........#
#.#########..........
#..............#....
..##.############.#(
#....### ##..#
####...#####..##
###..#....###.#
##...###@...#
#..<..SS####
...###..... #.###
#.#### ... #.# ##. ..
#. .. # ...


You could see 2 adders.

Vanquished Creatures
  3 dart slugs (D:1)
  4 ball pythons
  5 bats (D:1)
  3 endoplasms
  3 goblins (D:1)
  3 hobgoblins
  A quokka (D:1)
  5 frilled lizards
  2 kobolds (D:1)
  3 rats
32 creatures vanquished.

Notes
Turn   | Place    | Note
-------+----------+-------------------------------------------
     0 | D:1      | qw the Tengu Warper began the quest for the Orb.
     0 | D:1      | Reached XP level 1. HP: 12/12 MP: 4/4
     0 | D:1      | 0 ||| qw: Version: 0.1-a-89-g26bdef1
     0 | D:1      | 0 ||| qw: Game counter: 3281
     0 | D:1      | 0 ||| qw: Always use a shield: true
     0 | D:1      | 0 ||| qw: God list: Okawaru
     0 | D:1      | 0 ||| qw: Allow faded altars: false
     0 | D:1      | 0 ||| qw: Do Orc after D:15 true
     0 | D:1      | 0 ||| qw: Do second Lair branch before Depths: true
     0 | D:1      | 0 ||| qw: Lair rune preference: random
     0 | D:1      | 0 ||| qw: Plans: Normal
     0 | D:1      | 0 ||| PLANNING D:1-11
    42 | D:1      | Reached XP level 2. HP: 11/17 MP: 6/6
   167 | D:1      | 167 ||| Stepping ~*~*~tactically~*~*~ (stealth).
   181 | D:1      | 181 ||| Stepping ~*~*~tactically~*~*~ (stealth).
   182 | D:1      | 182 ||| Stepping ~*~*~tactically~*~*~ (stealth).
   186 | D:1      | Reached skill level 3 in Axes
   308 | D:1      | Found Xellaett's Antique Weapon Shoppe.
   326 | D:1      | 326 ||| SHOPLISTING crude flail (238 gold, have 7).
   326 | D:1      | 326 ||| SHOPLISTING mace (84 gold, have 7).
   331 | D:1      | 331 ||| Stepping ~*~*~tactically~*~*~ (stealth).
   464 | D:1      | 464 ||| DROPPING +0 club.
   486 | D:1      | 486 ||| Stepping ~*~*~tactically~*~*~ (hiding).
   489 | D:1      | 489 ||| Stepping ~*~*~tactically~*~*~ (stealth).
   495 | D:1      | Reached XP level 3. HP: 19/21 MP: 7/7
   568 | D:1      | Found a faded altar of an unknown god.
   757 | D:1      | Reached skill level 4 in Axes
   759 | D:1      | Found Cuiwn's Assorted Antiques.
   768 | D:1      | 768 ||| SHOPLISTING 2 puce potions (43 gold, have 19).
   768 | D:1      | 768 ||| SHOPLISTING blue potion (21 gold, have 19).
   768 | D:1      | 768 ||| SHOPLISTING chain mail (108 gold, have 19).
   768 | D:1      | 768 ||| SHOPLISTING dark potion (21 gold, have 19).
   768 | D:1      | 768 ||| SHOPLISTING scroll labelled KYEKLA PIOMAST (24
                  | gold, have 19).
   768 | D:1      | 768 ||| SHOPLISTING scroll labelled ROTHICRO KABB (24 gold,
                  | have 19).
   836 | D:1      | 836 ||| UPGRADING to scarf of resistance.
   841 | D:1      | 841 ||| READING scroll labelled KYEKLA PIOMAST.
   842 | D:1      | 842 ||| DROPPING scroll of blinking.
   862 | D:2      | 862 ||| Stepping ~*~*~tactically~*~*~ (stealth).
   863 | D:2      | 863 ||| Stepping ~*~*~tactically~*~*~ (stealth).
   983 | D:2      | 983 ||| Stepping ~*~*~tactically~*~*~ (stealth).
   991 | D:2      | HP: 4/21 [adder (2)]
   993 | D:2      | Slain by an adder

Levels and vault maps discovered:
D:1:      lemuel_arrival_river_ford, layout_rooms, serial_shops, shop,
          nicolae_shop_stone, shapermc_ecumenical_altar_venn
D:2:      layout_rooms, uniq_jessica, uniq_robin, uniq_natasha,
          uniq_crazy_yiuf_cottage

Skill      XL: |  1  2  3 |
---------------+----------+-----
Axes           | 3 4 |  4.2
Fighting       | |  2.0
Throwing       | |  1.0
Armour         | |  1.1
Dodging        | |  2.1
Spellcasting   | |  2.0
Translocations | |  2.4

Action                   || total
-------------------------++-------
Melee: Hand axe          ||    66
       Kick              ||    10
       Peck              ||     7
Throw: Boomerang         ||     7
  Use: Scroll            ||     1
Armor: Leather armour    ||    12
Dodge: Dodged            ||    36

Table legend:
 A = Non-vault XP
 B = Vault XP
 C = Vault XP percentage of total XP
 D = Non-vault monster count
 E = Vault monster count
 F = Vault count percentage of total count
                 A         B        C        D         E       F
            +---------+---------+-------+---------+---------+-------
      Total |      57 |       0 |   0.0 |      32 |       0 |   0.0
            +---------+---------+-------+---------+---------+-------
        D:1 |      47 |       0 |   0.0 |      25 |       0 |   0.0
        D:2 |      10 |       0 |   0.0 |       7 |       0 |   0.0
            +---------+---------+-------+---------+---------+-------
